 Dungeon Crawl Stone Soup version 0.31-a0-844-gdc52ec4e09 (webtiles) character file.

Game seed: 2006080004013059244

3546 CrazyBamboolord the Covert (level 10, -8/51 HPs)
             Began as a Vine Stalker Necromancer on Sept 30, 2023.
             Was a Believer of Kikubaaqudgha.
             Mangled by a two-headed ogre
             ... wielding a +0 giant club
              (11 damage)
             ... on level 7 of the Dungeon.
             The game lasted 00:15:56 (6642 turns).

CrazyBamboolord the Covert (VSNe)                   Turns: 6642, Time: 00:15:57

Health: -8/51      AC:  8    Str: 11    XL:     10   Next: 9%
Magic:  0/22       EV: 13    Int: 19    God:    Kikubaaqudgha [**....]
Gold:   437        SH:  0    Dex: 15    Spells: 9/24 levels left

rFire   . . .        q - +0 dagger (venom)
rCold   . . .        (no shield)
rNeg    + + .        a - +0 robe
rPois   .            l - +0 helmet
rElec   .            y - +1 cloak
rCorr   .            v - +0 pair of gloves
SInv    .            A - +1 pair of boots {rampage}
Will    +....        (no amulet)
Stlth   ++++         m - ring of positive energy
HPRegen 1.08/turn    x - ring of positive energy
MPRegen 0.18/turn

%: guardian spirit, rampage
@: no status effects
A: fangs 3, regeneration 1, magic shield, antimagic bite, no potion heal 2
a: Renounce Religion, Unearth Wretches


You were on level 7 of the Dungeon.
You worshipped Kikubaaqudgha.
Kikubaaqudgha was pleased with you.
You visited 1 branch of the dungeon, and saw 7 of its levels.

You collected 437 gold pieces.

Inventory:

Hand Weapons
 q - a +0 dagger of venom (weapon)
Missiles
 u - a throwing net
Armour
 a - a +0 robe (worn)
 l - a +0 helmet (worn)
 v - a +0 pair of gloves (worn)
 y - a +1 cloak (worn)
 A - a +1 pair of boots of rampaging (worn)
Jewellery
 m - a ring of positive energy (left hand)
 s - a ring of fire
 x - a ring of positive energy (right hand)
Wands
 B - a wand of flame (24)
 C - a wand of quicksilver (9)
 D - a wand of iceblast (9)
Scrolls
 d - a scroll of revelation
 e - a scroll of amnesia
 h - 3 scrolls of enchant armour
 i - a scroll of blinking {unknown}
 k - 2 scrolls of teleportation
 n - 2 scrolls of torment
 o - 2 scrolls of noise
 w - 3 scrolls of fog
 z - a scroll of immolation {unknown}
 E - a scroll of fear {unknown}
Potions
 c - 3 potions of heal wounds {unknown}
 f - 2 potions of haste
 g - 3 potions of curing {unknown}
 j - a potion of attraction {unknown}
 p - 2 potions of mutation {unknown}
 r - a potion of degeneration {unknown}
 t - a potion of berserk rage {unknown}


   Skills:
 + Level 4.3 Fighting
 + Level 4.2 Dodging
 * Level 9.5 Stealth
 * Level 7.5 Spellcasting
 * Level 8.2 Necromancy


You had 9 spell levels left.
You knew the following spells:

 Your Spells              Type           Power      Damage    Failure   Level
a - Necrotise             Necr           100%       1d9       1%          1
b - Vampiric Draining     Necr           38%        2d8       1%          3
c - Animate Dead          Necr           38%        N/A       3%          4
d - Agony                 Necr           38%        N/A       10%         5
e - Sublimation of Blood  Necr           38%        N/A       1%          2

Your spell library contained the following spells:

 Spells                   Type           Power      Damage    Failure   Level
 Cigotuvi's Dreadful Rot  Necr/Pois/Air  34%        N/A       4%          2
 Slow                     Hex            28%        N/A       10%         1
 Summon Small Mammal      Summ           28%        N/A       10%         1
 Call Canine Familiar     Summ           7%         N/A       28%         3
 Confusing Touch          Hex            7%         N/A       28%         3
 Sigil of Binding         Hex            7%         N/A       28%         3
 Summon Guardian Golem    Hex/Summ       7%         N/A       28%         3


Dungeon Overview and Level Annotations

Branches:
Dungeon (7/15)
 Temple: D:4-7

Altars:
Elyvilon
Kikubaaqudgha
Qazlal
Uskayaw


Innate Abilities, Weirdness & Mutations

You have razor-sharp teeth.
Your natural rate of healing is unusually fast.
When hurt, damage is shared between your health and your magic reserves.
Your bite disrupts and absorbs the magic of your enemies.
Potions cannot restore your health.


Message History

You drain its power.
You feel invigorated.
The vampire mosquito is almost destroyed.
The vampire mosquito bites you.
The vampire mosquito closely misses you.
You hit the vampire mosquito but do no damage.
Your bite misses the vampire mosquito.
The vampire mosquito is almost destroyed.
The vampire mosquito bites you. The vampire mosquito bites you!
You closely miss the vampire mosquito.
The vampire mosquito is almost destroyed.
The vampire mosquito bites you but does no damage. x2
You closely miss the vampire mosquito. Your bite misses the vampire mosquito.
The vampire mosquito is almost destroyed.
The vampire mosquito bites you!
A bullfrog comes into view.
The vampire mosquito bites you.
The bullfrog moves out of view.
You barely miss the vampire mosquito. You bite the vampire mosquito.
You destroy the vampire mosquito!
Kikubaaqudgha accepts your kill.
A hound comes into view.
Casting: Vampiric Draining (safe; 1% risk of failure)
Confirm with . or Enter, or press ? or * to list all spells.
Aiming: Agony (quite dangerous; 10% risk of failure)
Press: ? - help, Shift-Dir - straight line, f/p - two-headed ogre
Aim: a two-headed ogre, wielding a +0 giant club and a +0 giant spiked club (moderately wounded, chance to affect: 89%)
The two-headed ogre convulses!
The hound barks!
You hear a horrible gurgling sound!
A hound comes into view.
The two-headed ogre hits you with a +0 giant club!!
* * * LOW HITPOINT WARNING * * *
The two-headed ogre hits you with a +0 giant spiked club.
* * * LOW HITPOINT WARNING * * *
The hound barks!
Unknown command.
Magic courses through your body.
The two-headed ogre hits you with a +0 giant club!!
* * * LOW HITPOINT WARNING * * *
The two-headed ogre hits you with a +0 giant spiked club!
You die...
Kikubaaqudgha rasps: "You have failed me!
Welcome... death!"

.# ##...##..##
.###..⌠..##..##
##.#......(##..#.
##..#.#####..##.#.
#)..'.#.......#.'.
#
##..#.##..#####.#.
#[
##.#..##.......#.
#u
##.###..##..⌠..##
#.#..##@##
##..##...##
#..hyO## ##..##.##
###+### ###'###
#............
.............##
########.....#
.....# .....#
.....#


You could see a two-headed ogre, a vampire mosquito and a hound.

Vanquished Creatures
  Jeremiah (D:6)
  Grinder (D:6)
  A slime creature (D:7)
  A wyvern (D:6)
  Eustachio (D:6)
  2 vampire mosquitoes (D:7)
  Duvessa (D:6)
  A water moccasin (D:5)
  An orc warrior (D:7)
  2 black bears
  3 sky beasts (D:7)
  A centaur (D:6)
  2 phantoms
  A kobold brigand (D:6)
  2 bullfrogs (D:7)
  2 scorpions
  5 wights (D:6)
  Dowan (D:6)
  2 jellies
  A howler monkey (D:5)
  5 hounds
  2 orc priests
  Crazy Yiuf (D:5)
  A gnoll bouda (D:5)
  2 orc wizards (D:4)
  2 iguanas (D:6)
  7 gnolls
  7 adders
  3 white imps
  2 worms
  5 dart slugs
  27 orcs
  4 ball pythons (D:4)
  6 endoplasms
  4 giant cockroaches (D:2)
  6 hobgoblins
  4 jackals
  14 kobolds
  6 quokkas
  5 bats
  A frilled lizard (D:1)
  5 goblins
  2 rats (D:2)
153 creatures vanquished.

Vanquished Creatures (collateral kills)
  A gnoll (D:4)
  A dart slug (D:5)
  A rat (D:2)
3 creatures vanquished.

Grand Total: 156 creatures vanquished

Notes
Turn   | Place    | Note
-------+----------+-------------------------------------------
     0 | D:1      | CrazyBamboolord the Vine Stalker Necromancer began the
                  | quest for the Orb.
     0 | D:1      | Reached XP level 1. HP: 9/9 MP: 4/4
   123 | D:1      | Reached XP level 2. HP: 13/13 MP: 0/6
   471 | D:1      | Found a faded altar of an unknown god.
   823 | D:1      | Reached skill level 3 in Stealth
   823 | D:1      | Reached XP level 3. HP: 15/17 MP: 4/7
   907 | D:1      | Learned a level 3 spell: Vampiric Draining
  1605 | D:2      | Reached XP level 4. HP: 18/21 MP: 5/9
  1889 | D:2      | Reached skill level 1 in Fighting
  2118 | D:3      | Reached XP level 5. HP: 25/25 MP: 6/10
  2283 | D:3      | Found an ancient bone altar of Kikubaaqudgha.
  2296 | D:3      | Became a worshipper of Kikubaaqudgha
  2449 | D:3      | Noticed a phantom
  2485 | D:3      | Killed a phantom
  2486 | D:3      | Reached skill level 4 in Stealth
  2634 | D:4      | Reached skill level 5 in Necromancy
  2634 | D:4      | Reached XP level 6. HP: 30/30 MP: 6/12
  3328 | D:4      | Learned a level 4 spell: Animate Dead
  3579 | D:4      | Reached * piety under Kikubaaqudgha
  3579 | D:4      | Received a gift from Kikubaaqudgha
  3610 | D:4      | Reached skill level 5 in Stealth
  3720 | D:5      | Entered Level 5 of the Dungeon
  3723 | D:5      | Noticed a yak
  3724 | D:5      | Noticed a yak
  3726 | D:5      | Noticed a yak
  3726 | D:5      | Noticed a yak
  3794 | D:5      | Noticed a water moccasin
  3833 | D:4      | Reached XP level 7. HP: 25/34 MP: 14/14
  4179 | D:5      | Found a stormy altar of Qazlal.
  4310 | D:5      | Reached skill level 6 in Stealth
  4310 | D:5      | Gained mutation: You have razor-sharp teeth. [Vine Stalker
                  | growth]
  4310 | D:5      | Reached XP level 8. HP: 39/39 MP: 0/16
  4471 | D:5      | Found a runed translucent door.
  4472 | D:5      | Noticed Crazy Yiuf
  4479 | D:5      | Killed Crazy Yiuf
  4480 | D:5      | Reached skill level 5 in Spellcasting
  4544 | D:5      | Found a hide-covered altar of Uskayaw.
  4852 | D:5      | Noticed a yak
  4991 | D:5      | Found a white marble altar of Elyvilon.
  5063 | D:6      | Reached ** piety under Kikubaaqudgha
  5309 | D:6      | Noticed Jeremiah
  5312 | D:6      | Noticed Eustachio
  5326 | D:6      | Killed Eustachio
  5327 | D:6      | Reached skill level 7 in Stealth
  5355 | D:6      | Paralysed by Jeremiah for 2 turns
  5372 | D:6      | Killed Jeremiah
  5373 | D:6      | Reached XP level 9. HP: 14/44 MP: 8/19
  5444 | D:6      | Learned a level 5 spell: Agony
  5499 | D:6      | Noticed Grinder
  5522 | D:6      | Killed Grinder
  5550 | D:6      | Reached skill level 8 in Stealth
  5857 | D:6      | Learned a level 2 spell: Sublimation of Blood
  5857 | D:6      | Noticed Duvessa
  5861 | D:6      | Noticed Dowan
  5864 | D:6      | Killed Duvessa
  5868 | D:6      | Killed Dowan
  6349 | D:7      | Reached skill level 9 in Stealth
  6579 | D:7      | Reached XP level 10. HP: 50/50 MP: 20/22
  6625 | D:7      | Noticed a two-headed ogre
  6626 | D:7      | Noticed a green ugly thing
  6642 | D:7      | Mangled by a two-headed ogre

Illustrated notes

Levels and vault maps discovered:
D:1:      spicycebolla_green_bress_n_ham_2, layout_basic,
          ebering_ecumenical_altar_petrified
D:2:      layout_rooms, serial_curves, eino_curves_01, eino_curves_01,
          eino_curves_02
D:3:      layout_rooms, amcnicky_altar_gilded
D:4:      layout_basic
D:5:      minmay_spotlight, layout_basic, elyvilon_altar_5,
          mainiacjoe_overflow_large_starburst, uniq_crazy_yiuf_cottage
D:6:      layout_loops_ring, uniq_grinder, uniq_jeremiah, uniq_duvessa,
          uniq_eustachio
D:7:      minmay_the_grid_octo_2x2 [minmay_the_grid_octo_toaster,
          minmay_the_grid_octo_clover, minmay_the_grid_octo_77,
          minmay_the_grid_octo_prize_ultimate_mussel_roller], layout_basic,
          nicolae_overflow_two_pavilions, lemuel_round_altar,
          minmay_temple_entry_stoned_glass, nicolae_shop_i_like_small_books_too,
          minivault_14

Skill      XL: |  1  2  3  4  5  6  7  8  9 |
---------------+----------------------------+-----
Stealth        | 3 4 5 6 7 9 |  9.5
Spellcasting   | 3 4 6 7 |  7.5
Fighting       | 1 2 3 4 |  4.3
Dodging        | 2 3 4 |  4.2
Necromancy     | 5 6 8 |  8.2

Action                     |  1- 3 |  4- 6 |  7- 9 | 10-12 || total
---------------------------+-------+-------+-------+-------++-------
  Melee: Unarmed           |     5 |       |       |       ||     5
         Bite              |     3 |    21 |    32 |     4 ||    60
         Dagger            |     8 |    66 |   107 |    15 ||   196
         Punch             |       |       |     1 |     2 ||     3
   Cast: Necrotise         |    57 |   115 |   125 |       ||   297
         Vampiric Draining |       |       |    13 |     3 ||    16
         Agony             |       |       |       |     1 ||     1
  Evoke: Wand              |       |       |    15 |     1 ||    16
    Use: Scroll            |     3 |     1 |     4 |       ||     8
         Potion            |       |     1 |     2 |     1 ||     4
   Stab: Sleeping          |     5 |       |    10 |     1 ||    16
 Armour: Robe              |    17 |    80 |   112 |    23 ||   232
  Dodge: Dodged            |    13 |    91 |   135 |    10 ||   249

Table legend: (Time is in decaauts)
 A = Elapsed time spent in this place.
 B = Non-inter-level travel time spent in this place.
 C = Inter-level travel time spent in this place.
 D = Time resting spent in this place.
 E = Time spent auto-exploring this place.
 F = Levels seen in this place.
 G = Mean time per level.
                   A        B        C        D        E       F      G
               +--------+--------+--------+--------+--------+-----+--------+
         Total |   6611 |   6445 |    166 |    634 |   4532 |   7 |  944.4 |
       Dungeon |   6611 |   6445 |    166 |    634 |   4532 |   7 |  944.4 |
               +--------+--------+--------+--------+--------+-----+--------+

Top non-repeatable levels by time:
     D:4: 1319 daAuts
     D:6: 1265 daAuts
     D:2: 1119 daAuts
     D:5: 1110 daAuts
     D:1: 919 daAuts
     D:3: 548 daAuts
     D:7: 329 daAuts
